 Dungeon Crawl Stone Soup version 0.29-a0-643-ga013cefcf8 (webtiles) character file.

Game seed: 15700568704594883068

339 spaghetti the Bolt Thrower (level 6, 0/47 HPs)
             Began as a Gnoll Wanderer on June 19, 2022.
             Was a Believer of Qazlal.
             Slain by a river rat (8 damage)
             ... on level 4 of the Dungeon.
             The game lasted 00:05:38 (3768 turns).

spaghetti the Bolt Thrower (Gnoll Wanderer)         Turns: 3768, Time: 00:05:38

Health: 0/47       AC:  3    Str: 15      XL:     6   Next: 55%
Magic:  6/9        EV: 12    Int:  9      God:    Qazlal [**....]
Gold:   164        SH:  3    Dex: 10 (12) Spells: 9/9 levels left

rFire   . . .      SeeInvis .   a - +1 dagger (pain) {short}
rCold   . . .      Faith    .   (no shield)
rNeg    . . .      Spirit   .   e - +0 leather armour
rPois   .          Reflect  .   c - +0 helmet
rElec   .          Harm     .   (no cloak)
rCorr   .          Rampage  .   (no gloves)
Will    .....                   (no boots)
Stlth   ++........              (no amulet)
HPRegen 0.15/turn               (no ring)
MPRegen 0.11/turn               (no ring)

@: no status effects
A: fangs 1, strong nose, distributed training, deformed body
a: Renounce Religion, Upheaval


You were on level 4 of the Dungeon.
You worshipped Qazlal.
Qazlal was pleased with you.
You visited 1 branch of the dungeon, and saw 4 of its levels.

You collected 164 gold pieces.


Innate Abilities, Weirdness & Mutations

You have very sharp teeth.
Your uncanny sense of smell can sniff out nearby items.
Your experience applies equally to all skills.
Armour fits poorly on your strangely shaped body.


   Skills:
 + Level 3.3 Fighting
 + Level 2.0 Short Blades
 + Level 2.0 Long Blades
 + Level 5.0 Axes
 + Level 2.0 Maces & Flails
 + Level 2.0 Polearms
 + Level 2.0 Staves
 + Level 2.0 Slings
 + Level 2.0 Bows
 + Level 6.8 Crossbows
 + Level 2.0 Throwing
 + Level 3.3 Armour
 + Level 3.3 Dodging
 + Level 4.6 Stealth
 + Level 2.0 Shields
 + Level 2.0 Unarmed Combat
 + Level 2.0 Spellcasting
 + Level 1.6 Conjurations
 + Level 1.6 Hexes
 + Level 1.6 Summonings
 + Level 1.6 Necromancy
 + Level 1.6 Translocations
 + Level 1.6 Transmutations
 + Level 1.6 Fire Magic
 + Level 1.6 Ice Magic
 + Level 1.6 Air Magic
 + Level 1.6 Earth Magic
 + Level 1.6 Poison Magic
 + Level 2.2 Invocations
 + Level 2.0 Evocations


You had 9 spell levels left.
You didn't know any spells.
Your spell library contained the following spells:

 Spells                   Type           Power      Damage    Failure   Level
 Ozocubu's Armour         Ice            3%         N/A       54%         3
 Ozocubu's Refrigeration  Ice            1%         4d5       100%        7

Inventory:

Hand Weapons
 a - a +1 dagger of pain (weapon) {short}
   (You took it off a kobold on level 3 of the Dungeon)
 b - a +2 hand crossbow {crossbow}
 r - a +0 dagger of venom {short}
   (You took it off a goblin on level 2 of the Dungeon)
 u - a +2 dagger of venom {short}
   (You found it on level 3 of the Dungeon)
 x - a +0 hand axe {axe}
Missiles
 i - 32 stones {throwing}
 w - 8 poisoned darts {throwing}
Armour
 c - a +0 helmet (worn)
 e - a +0 leather armour (worn)
Magical Staves
 f - a staff of air {!astaff}
   (You found it on level 1 of the Dungeon)
 n - a staff of earth {!astaff}
   (You found it on level 1 of the Dungeon)
Wands
 g - a wand of iceblast (11)
   (You took it off Ijyb on level 3 of the Dungeon)
Scrolls
 k - 2 scrolls of fear {unknown}
 l - 2 scrolls of teleportation {@r4}
 m - a scroll of noise {unknown}
 q - a scroll of amnesia {unknown}
 t - a scroll of identify {unknown}

Dungeon Overview and Level Annotations

Branches:
Dungeon (4/15) Zot: 20193
 Temple: D:4-7

Altars:
Ashenzari
Kikubaaqudgha
Qazlal
Xom

.... .# ..........
###..≈≈≈≈≈.......†.
#..≈≈.≈≈........#
#..≈≈≈≈≈........#
#...≈≈≈.........
..........#....#
.......†..##)r.#
.###..†...##).@#
...........#.°r#
#########........###.
#⌠#_#####.......#...#
#.#.#.#.8.............
...................#..#
.................### ##
#.#.#.#.8.......##
#.#_#####......##


You could see a river rat and a rat.


Message History

You are too injured to fight recklessly!
You are too injured to fight recklessly!
You are too injured to fight recklessly!
You are too injured to fight recklessly!
You are too injured to fight recklessly!
You are too injured to fight recklessly!
You are too injured to fight recklessly!
You are too injured to fight recklessly!
You are too injured to fight recklessly!
Unknown command.
Unknown command.
Pain shudders through your arm!
a - a +1 dagger of pain (weapon)
{short} You barely miss the gnoll.
The gnoll closely misses you.
The gnoll hits you with a +0 club. 😕 HP[-1]
You take 1 damage, and now have 40/47 hp.
You hit the gnoll.
The gnoll writhes in agony.
The gnoll closely misses you. The gnoll barely misses you. 😕 HP[+1]
You hit the gnoll.
The gnoll writhes in agony.
You bite the gnoll.
The gnoll hits you from afar with a +0 spear. 😕 HP[-1]
You take 1 damage, and now have 40/47 hp.
You hit the gnoll.
The gnoll is engulfed in freezing vapours.
You kill the gnoll!
Qazlal accepts your kill. You block the gnoll's attack.
You feel your dexterity returning.
The gnoll hits you from afar with a +0 spear.
Things that are here:
a +0 club {mace}; a gnoll corpse; 😕 HP[-3]
You take 3 damage, and now have 37/47 hp.
You hit the worm. The worm bites you.
The gnoll hits you from afar with a +0 spear. 😮 HP[-4]
You take 4 damage, and now have 33/47 hp.
You hit the worm.
The gnoll hits you from afar with a +0 spear. 😮 HP[-5]
You take 5 damage, and now have 28/47 hp.
You barely miss the worm. The worm barely misses you.
You hit the worm. You block the gnoll's attack. The worm misses you. 😮 HP[+1]
You hit the worm.
The worm writhes in agony.
The gnoll closely misses you.
You hit the worm.
The worm writhes in agony.
The gnoll misses you. The worm bites you!
* * * LOW HITPOINT WARNING * * *
😨 HP[-7]
You take 7 damage, and now have 22/47 hp.
You hit the worm. Your bite misses the worm.
The gnoll hits you from afar with a +0 spear.
* * * LOW HITPOINT WARNING * * *
😨 HP[-4]
You take 4 damage, and now have 18/47 hp.
You hit the worm.
The worm writhes in agony.
You block the gnoll's attack. You block the worm's attack.
You hit the worm.
You kill the worm!
Qazlal accepts your kill.
The river rat bites you but does no damage.
The gnoll hits you from afar with a +0 spear.
* * * LOW HITPOINT WARNING * * *
The gnoll barely misses you. 😨 HP[-6]
You take 6 damage, and now have 12/47 hp.
Unknown command.
You feel better. The river rat barely misses you.
The gnoll hits you from afar with a +0 spear.
* * * LOW HITPOINT WARNING * * *
😨 HP[+3]
You regained 3 hp, and now have 15/47 hp.
Okay, then.
Aiming: Upheaval
Press: ? - help, Dir - move target, f/p - gnoll
Aim: a gnoll, wielding a +0 spear (heavily wounded)
A storm cloud blasts the area with cutting wind!
The cutting wind hits the gnoll!
You kill the gnoll!
Qazlal accepts your kill.
The river rat bites you but does no damage. 😨 HP[+1] MP[-3]
You lost 3 mp, and now have 6/9 mp.
You hit the river rat but do no damage. The river rat closely misses you.
You hit the river rat but do no damage. Your bite misses the river rat.
The river rat closely misses you.
You hit the river rat but do no damage. Your bite misses the river rat.
The river rat twitches its whiskers.
The river rat bites you!
* * * LOW HITPOINT WARNING * * *
The rat barely misses you. 😱 HP[-8]
You take 8 damage, and now have 8/47 hp.
You closely miss the river rat. The river rat completely misses you.
Unknown command.
Unknown command.
You barely miss the river rat. The rat closely misses you.
The river rat bites you!
You die...

Skill      XL: |  1  2  3  4  5  6 |
---------------+-------------------+-----
Invocations    | 1 2 |  2.2
Short Blades   | 1 2 |  2.0
Long Blades    | 1 2 |  2.0
Maces & Flails | 1 2 |  2.0
Polearms       | 1 2 |  2.0
Staves         | 1 2 |  2.0
Slings         | 1 2 |  2.0
Bows           | 1 2 |  2.0
Throwing       | 1 2 |  2.0
Shields        | 1 2 |  2.0
Unarmed Combat | 1 2 |  2.0
Spellcasting   | 1 2 |  2.0
Evocations     | 1 2 |  2.0
Conjurations   | 1 |  1.6
Hexes          | 1 |  1.6
Summonings     | 1 |  1.6
Necromancy     | 1 |  1.6
Translocations | 1 |  1.6
Transmutations | 1 |  1.6
Fire Magic     | 1 |  1.6
Ice Magic      | 1 |  1.6
Air Magic      | 1 |  1.6
Earth Magic    | 1 |  1.6
Poison Magic   | 1 |  1.6
Fighting       | 3 |  3.3
Armour         | 3 |  3.3
Dodging        | 3 |  3.3
Axes           | 5 |  5.0
Crossbows      | |  6.8
Stealth        | |  4.6

Action                   |  1- 3 |  4- 6 || total
-------------------------+-------+-------++-------
Melee: Dagger            |       |    28 ||    28
       Bite              |       |     3 ||     3
       Hand axe          |       |     1 ||     1
       Punch             |       |     1 ||     1
 Fire: Hand crossbow     |    82 |   172 ||   254
Invok: Upheaval          |       |     1 ||     1
  Use: Potion            |       |    10 ||    10
       Scroll            |       |     1 ||     1
Armor: Leather armour    |     3 |    21 ||    24
Dodge: Dodged            |    13 |    64 ||    77
Block: Other             |     1 |    17 ||    18

Levels and vault maps discovered:
D:1:      dpeg_arrival_long_road, layout_rooms,
          hellmonk_ecumenical_altar_crossroads
D:2:      layout_basic
D:3:      layout_loops_corners, minmay_quantized, uniq_ijyb
D:4:      layout_layer_cave, minitemple, portal_sewer_entry_a,
          serial_park_tiny_pond, serial_bayou_pond_c

Notes
Turn   | Place    | Note
-------+----------+-------------------------------------------
     0 | D:1      | spaghetti the Gnoll Wanderer began the quest for the Orb.
     0 | D:1      | spaghetti set off with the following items: a +2 hand
                  | crossbow {crossbow}, a +0 hand axe {axe}, a +0 helmet, a
                  | potion of haste {@q3}, a +0 leather armour.
     0 | D:1      | Reached XP level 1. HP: 17/17 MP: 1/1
     0 | D:1      | magus.rc [v1.9.6]
   173 | D:1      | Reached XP level 2. HP: 23/23 MP: 2/2
   459 | D:1      | Reached XP level 3. HP: 27/28 MP: 3/3
   473 | D:1      | Found a faded altar of an unknown god.
   513 | D:1      | Prayed at the altar of an unknown god.
   513 | D:1      | Became a worshipper of Qazlal Stormbringer
   513 | D:1      | Reached * piety under Qazlal
   952 | D:2      | Reached skill level 1 in Invocations
   977 | D:2      | Reached skill level 1 in Short Blades
   977 | D:2      | Reached skill level 1 in Long Blades
   977 | D:2      | Reached skill level 1 in Maces & Flails
   977 | D:2      | Reached skill level 1 in Polearms
   977 | D:2      | Reached skill level 1 in Staves
   977 | D:2      | Reached skill level 1 in Slings
   977 | D:2      | Reached skill level 1 in Bows
   977 | D:2      | Reached skill level 1 in Throwing
   977 | D:2      | Reached skill level 1 in Shields
   977 | D:2      | Reached skill level 1 in Unarmed Combat
   977 | D:2      | Reached skill level 1 in Spellcasting
   977 | D:2      | Reached skill level 1 in Evocations
   977 | D:2      | Reached XP level 4. HP: 26/34 MP: 5/5
  1109 | D:2      | Reached skill level 1 in Conjurations
  1109 | D:2      | Reached skill level 1 in Hexes
  1109 | D:2      | Reached skill level 1 in Summonings
  1109 | D:2      | Reached skill level 1 in Necromancy
  1109 | D:2      | Reached skill level 1 in Translocations
  1109 | D:2      | Reached skill level 1 in Transmutations
  1109 | D:2      | Reached skill level 1 in Fire Magic
  1109 | D:2      | Reached skill level 1 in Ice Magic
  1109 | D:2      | Reached skill level 1 in Air Magic
  1109 | D:2      | Reached skill level 1 in Earth Magic
  1109 | D:2      | Reached skill level 1 in Poison Magic
  1492 | D:2      | You add the spells Ozocubu's Armour and Ozocubu's
                  | Refrigeration to your library.
  1691 | D:3      | Reached XP level 5. HP: 37/40 MP: 6/6
  1817 | D:3      | Reached ** piety under Qazlal
  2507 | D:3      | Reached skill level 3 in Fighting
  2507 | D:3      | Reached skill level 3 in Armour
  2507 | D:3      | Reached skill level 3 in Dodging
  2617 | D:3      | Noticed Ijyb
  2629 | D:3      | HP: 10/41 [Ijyb/+0 club (7)]
  2632 | D:3      | Gained mutation: Armour fits poorly on your strangely
                  | shaped body. [potion of mutation]
  2638 | D:3      | Killed Ijyb
  2941 | D:4      | Noticed an ogre
  2949 | D:4      | HP: 10/41 [ogre/+0 giant spiked club (15)]
  2952 | D:4      | Killed an ogre
  2953 | D:4      | Reached skill level 2 in Invocations
  2953 | D:4      | Reached XP level 6. HP: 12/47 MP: 8/8
  3237 | D:4      | Reached skill level 5 in Axes
  3249 | D:4      | HP: 6/47 [gnoll/+0 club (6)]
  3709 | D:4      | Found an ancient bone altar of Kikubaaqudgha.
  3710 | D:4      | Found a broken altar of Ashenzari.
  3710 | D:4      | Found a shimmering altar of Xom.
  3738 | D:4      | Reached skill level 2 in Short Blades
  3738 | D:4      | Reached skill level 2 in Long Blades
  3738 | D:4      | Reached skill level 2 in Maces & Flails
  3738 | D:4      | Reached skill level 2 in Polearms
  3738 | D:4      | Reached skill level 2 in Staves
  3738 | D:4      | Reached skill level 2 in Slings
  3738 | D:4      | Reached skill level 2 in Bows
  3738 | D:4      | Reached skill level 2 in Throwing
  3738 | D:4      | Reached skill level 2 in Shields
  3738 | D:4      | Reached skill level 2 in Unarmed Combat
  3738 | D:4      | Reached skill level 2 in Spellcasting
  3738 | D:4      | Reached skill level 2 in Evocations
  3766 | D:4      | HP: 8/47 [river rat (8)]
  3768 | D:4      | Slain by a river rat

Vanquished Creatures
  An ogre (D:4)
  An orc priest (D:2)
  Ijyb (D:3)
  4 gnolls (D:4)
  7 adders
  3 worms
  3 dart slugs
  4 orcs
  7 endoplasms
  6 giant cockroaches
  7 goblins
  2 hobgoblins (D:1)
  8 jackals
  5 kobolds
  3 quokkas
  2 ball pythons (D:3)
  6 bats
  5 frilled lizards
  8 rats
83 creatures vanquished.

Vanquished Creatures (others)
  A plant (D:4)
1 creature vanquished.

Grand Total: 84 creatures vanquished

Table legend:
 A = Non-vault XP
 B = Vault XP
 C = Vault XP percentage of total XP
 D = Non-vault monster count
 E = Vault monster count
 F = Vault count percentage of total count
                 A         B        C        D         E       F
            +---------+---------+-------+---------+---------+-------
      Total |     435 |      50 |  10.3 |      75 |       8 |   9.6
            +---------+---------+-------+---------+---------+-------
        D:1 |      37 |       0 |   0.0 |      22 |       0 |   0.0
        D:2 |     124 |       0 |   0.0 |      25 |       0 |   0.0
        D:3 |      60 |      41 |  40.6 |      18 |       4 |  18.2
        D:4 |     214 |       9 |   4.0 |      10 |       4 |  28.6
            +---------+---------+-------+---------+---------+-------

Illustrated notes

Table legend:
 A = Kills in this place as a percentage of kills in entire the game.
 B = Kills by you in this place as a percentage of kills by you in the entire game.
 C = Kills by friends in this place as a percentage of kills by friends in the entire game.
 D = Other kills in this place as a percentage of other kills in the entire game.
 E = Experience gained in this place as a percentage of experience gained in the entire game.
 F = Experience gained in this place divided by the number of levels of this place that you have seen.
                   A       B       C       D       E      F
               +-------+-------+-------+-------+-------+----------------------
         Total | 100.0 | 100.0 |   N/A |   N/A | 100.0 | 121.2
       Dungeon | 100.0 | 100.0 |   N/A |   N/A | 100.0 | 121.2
               +-------+-------+-------+-------+-------+----------------------

Table legend: (Time is in decaauts)
 A = Elapsed time spent in this place.
 B = Non-inter-level travel time spent in this place.
 C = Inter-level travel time spent in this place.
 D = Time resting spent in this place.
 E = Time spent auto-exploring this place.
 F = Levels seen in this place.
 G = Mean time per level.
                   A        B        C        D        E       F      G
               +--------+--------+--------+--------+--------+-----+--------+
         Total |   3805 |   3707 |     98 |    129 |   3081 |   4 |  951.2 |
       Dungeon |   3805 |   3707 |     98 |    129 |   3081 |   4 |  951.2 |
               +--------+--------+--------+--------+--------+-----+--------+

Top non-repeatable levels by time:
     D:3: 1560 daAuts
     D:2: 1015 daAuts
     D:1: 671 daAuts
     D:4: 558 daAuts
